 Dungeon Crawl Stone Soup version 0.25.1-1-g288607f5aa (webtiles) character file.

Game seed: 1296998001463278428

40 Descartes the Sneak (level 3, -5/16 HPs)
             Began as a Felid Wanderer on July 28, 2020.
             Slain by a killer bee (7 damage)
             ... on level 2 of the Dungeon.
             The game lasted 00:03:29 (2484 turns).

Descartes the Sneak (Felid Wanderer)                Turns: 2484, Time: 00:03:31

Health: -5/16      AC:  1    Str:  8    XL:     3   Next: 30%
Magic:  4/4        EV: 17    Int: 11    God:
Gold:   124        SH:  0    Dex: 18    Spells: 2/2 levels left
                                        Lives:  0   Deaths: 1

rFire    . . .     SeeInvis +     - Unarmed
rCold    . . .     Gourm    .   (shield unavailable)
rNeg     . . .     Faith    .   (armour unavailable)
rPois    .         Spirit   .   (helmet unavailable)
rElec    .         Reflect  .   (cloak unavailable)
rCorr    .         Harm     .   (gloves unavailable)
MR       .....                  (boots unavailable)
Stlth    ++++......             (no amulet)
HPRegen  0.05/turn              (no ring)
MPRegen  0.09/turn              (no ring)

@: lethally poisoned (-5 -> -16), quick
A: very small, no armour, no weapons or thrown items, stealth, claws 1, fangs 3,
see invisible, carnivore, speed 1, shaggy fur 1, slow metabolism 1, sharp paws
a: no special abilities


You were on level 2 of the Dungeon.
You were completely stuffed.

You visited 1 branch of the dungeon, and saw 3 of its levels.

You collected 124 gold pieces.

Inventory:

Missiles
 e - 60 stones
 f - 31 arrows
Jewellery
 h - a +6 ring of strength {unknown}
Scrolls
 g - a scroll of teleportation {unknown}
 i - a scroll of blinking {unknown}
 j - 2 scrolls of identify {unknown}
 m - a scroll of enchant weapon {unknown}
Potions
 a - a potion of haste
 b - a potion of mutation {unknown}
 c - a potion of lignification
 k - a potion of stabbing {unknown}
Comestibles
 d - 7 rations
 l - a chunk of flesh


   Skills:
 - Level 2.0 Fighting
 + Level 2.1 Dodging
 + Level 6.2 Stealth
 - Level 5.0 Unarmed Combat


You had 2 spell levels left.
You didn't know any spells.
Your spell library was empty.

Dungeon Overview and Level Annotations

Branches:
Dungeon (3/15)

Altars:
Qazlal
Yredelemnul
The Shining One


Innate Abilities, Weirdness & Mutations

You cannot wear armour.
You are incapable of wielding weapons or throwing items.
Your paws allow you to move quietly. (Stealth)
You have sharp claws.
You have razor-sharp teeth.
You have supernaturally acute eyesight. (SInv)
You are carnivorous and can eat meat at any time.
You cover ground quickly.
You are covered in fur. (AC +1)
You have a slow metabolism.
Your sharp claws are effective at attacking unaware monsters.


Message History

You kill the hobgoblin!
The killer bee buzzes angrily.
There is an open door here.
There is a stone staircase leading up here.
The killer bee misses you. The killer bee stings you.
You climb upwards.
There is a stone staircase leading down here.
You claw the killer bee!
The killer bee is moderately wounded.
The killer bee completely misses you.
You closely miss the killer bee.
The killer bee is moderately wounded.
The killer bee completely misses you. The killer bee stings you.
You barely miss the killer bee.
The killer bee is moderately wounded.
The killer bee stings you.
* * * LOW HITPOINT WARNING * * *
You are lethally poisoned!
The killer bee poisons you! The killer bee stings you!
You die...

######.........#
#......#
#####..#.##
#......# ##.#.#
#......# #...#
#......#
##..#####......#
#......'......#
#..#####......#
#y.# #......#
##@# ########
###


You could see a killer bee.

Vanquished Creatures
  4 adders
  2 dart slugs
  2 leopard geckos (D:1)
  A ball python (D:1)
  2 giant cockroaches (D:1)
  5 hobgoblins
  9 jackals (D:1)
  A quokka (D:2)
  6 bats
  2 frilled lizards
  2 goblins (D:1)
  3 kobolds (D:1)
  2 rats (D:1)
41 creatures vanquished.

Notes
Turn   | Place    | Note
-------+----------+-------------------------------------------
     0 | D:1      | Descartes the Felid Wanderer began the quest for the Orb.
     0 | D:1      | Descartes set off with the following items: a potion of
                  | haste, a potion of curing, a potion of lignification, a
                  | ration
     0 | D:1      | Reached XP level 1. HP: 9/9 MP: 2/2
    20 | D:1      | Reached skill level 3 in Stealth
   155 | D:1      | Reached XP level 2. HP: 12/13 MP: 3/3
   177 | D:1      | Reached skill level 4 in Stealth
   790 | D:1      | Reached skill level 5 in Stealth
   903 | D:1      | Reached XP level 3. HP: 16/16 MP: 4/4
  1705 | D:2      | Found a stormy altar of Qazlal.
  1908 | D:2      | Reached skill level 6 in Stealth
  1908 | D:2      | Reached XP level 4. HP: 4/19 MP: 5/5
  1917 | D:2      | Succumbed to an adder's poison
  1918 | D:2      | Reached XP level 3. HP: 0/16 MP: 4/4
  1920 | D:2      | Found a basalt altar of Yredelemnul.
  2123 | D:2      | Found a glowing golden altar of the Shining One.
  2407 | D:3      | Noticed a killer bee
  2407 | D:3      | Noticed a killer bee
  2409 | D:3      | Noticed a killer bee
  2484 | D:2      | Slain by a killer bee

Illustrated notes

Levels and vault maps discovered:
D:1:      lemuel_arrival_lava_pool, layout_basic
D:2:      layout_basic, lemuel_round_altar, lemuel_crystal_altar, first_ration,
          grunt_qazlal_sundering
D:3:      layout_basic

Skill      XL: |  1  2  3 |
---------------+----------+-----
Stealth        | 3 5 6 |  6.2
Dodging        | 2 |  2.1
Fighting       | |  2.0
Unarmed Combat | |  5.0

Action                   |  1- 3 |  4- 6 || total
-------------------------+-------+-------++-------
Melee: Unarmed           |   112 |       ||   112
       Bite              |    11 |       ||    11
  Use: Potion            |     1 |       ||     1
 Stab: Sleeping          |    13 |       ||    13
       Distracted        |     1 |       ||     1
  Eat: Chunk             |    15 |       ||    15
Armor: Skin              |    10 |       ||    10
Dodge: Dodged            |    70 |       ||    70
